Map: Prion Terraces

Players

andYzOOm - Winner!

  • Race: Zerg Zerg

SticklerMac

  • Race: Zerg Zerg

VOD

Have the link to the VOD?

Description

Time

  • Played on: Nov. 10, 2015, 12:32 a.m.
  • Length: 8:58
Show
View Real Time Build Order
Export as new Build Order

andYzOOm Zerg - Winner!

Build Orders: Pool First 

Get SALT Encoding   

  12  0:05  Drone  
  13  0:17  Drone  
  13  0:19  Overlord  
  14  0:36  Spawning Pool  
  14  0:38  Extractor  
  14  0:39  Drone  
  13  0:43  Drone  
  13  0:48  Drone  
  15  0:57  Drone  
  15  1:01  Drone  
  17  1:16  Overlord  
  17  1:22  Queen  
  17  1:24  Zergling x2  
  20  1:40  Metabolic Boost  
  20  1:42  Zergling x2  
  20  1:44  Zergling x2  
  22  1:57  Spine Crawler  
  22  2:01  Zergling x2  
  22  2:06  Zergling x2  
  23  2:13  Baneling Nest  
  22  2:20  Zergling x2  
  23  2:27  Zergling x2  
  24  2:32  Zergling x4  
  24  2:33  Zergling x2  
  24  3:02  Zergling x10  
  27  3:09  Zergling x2  
  28  3:16  Zergling x2  
  25  3:27  Zergling x2  
  25  3:41  Zergling x2  
  24  3:59  Zergling x2  
  24  4:00  Zergling x6  
  28  4:05  Zergling x2  
  28  4:08  Baneling x2  
  26  4:38  Zergling x4  
  23  4:39  Zergling x6  
  27  4:49  Zergling x2  
  24  4:59  Baneling  
  23  5:00  Baneling x6  
  23  5:04  Zergling x2  
  23  5:05  Hatchery  
  23  5:06  Zergling x2  
  22  5:36  Baneling  
  22  5:39  Zergling x8  
  22  6:09  Zergling x6  
  25  6:17  Queen  
  27  6:19  Drone x3  
  27  6:21  Zergling x2  
  27  6:23  Zergling x2  
  32  6:33  Overlord x2  
  30  6:48  Baneling  
  30  6:49  Baneling x2  
  27  7:11  Zergling x8  
  27  7:14  Zergling x2  
  32  7:28  Zergling x4  
  26  7:50  Zergling x2  
  26  7:51  Zergling x12  
  33  8:04  Zergling x2  
  33  8:05  Zergling x2  
  35  8:10  Drone x2  
  37  8:15  Zergling x2  
  37  8:16  Zergling x8  
Show
View Real Time Build Order
Export as new Build Order

SticklerMac Zerg 

Build Orders: Pool First 

Get SALT Encoding   

  12  0:01  Drone  
  13  0:09  Drone  
  14  0:19  Overlord  
  14  0:38  Drone x3  
  17  0:51  Drone  
  17  0:54  Extractor  
  17  0:56  Spawning Pool  
  16  1:07  Hatchery  
  16  1:17  Spawning Pool  
  15  1:22  Drone  
  16  1:28  Drone  
  16  1:32  Drone  
  18  1:38  Drone  
  19  1:45  Drone  
  20  1:55  Overlord  
  20  2:07  Metabolic Boost  
  20  2:09  Drone  
  20  2:13  Queen  
  23  2:18  Queen  
  25  2:24  Baneling Nest  
  23  2:34  Zergling x6  
  25  2:41  Zergling x2  
  25  2:49  Zergling x4  
  26  3:00  Zergling x4  
  26  3:06  Zergling x4  
  27  3:14  Zergling x4  
  27  3:23  Zergling x2  
  26  3:27  Zergling x2  
  26  3:31  Baneling x2  
  26  3:39  Queen  
  26  3:53  Zergling x6  
  28  4:08  Overlord x2  
  28  4:09  Overlord  
  28  4:11  Baneling  
  27  4:38  Drone x2  
  22  4:45  Queen  
  21  4:48  Zergling x2  
  24  4:59  Zergling x6  
  27  5:07  Drone  
  23  5:50  Zergling x2  
  23  5:51  Zergling x8  
  24  6:04  Zergling x2  
  24  6:05  Zergling x2  
  25  6:20  Zergling x2  
  26  6:31  Zergling x2  
  27  6:35  Baneling  
  27  6:36  Baneling x6  
  21  7:08  Zergling x2  
  21  7:09  Zergling x6  
  21  7:11  Baneling x5  
  25  7:19  Zergling x6  
  23  7:39  Zergling x4  
  25  7:51  Zergling x2  
  25  7:52  Zergling x4  
  28  8:02  Baneling x2  
  28  8:03  Baneling x5  
  28  8:08  Zergling x2  
  29  8:14  Drone  
Tags
 
Add a new tag
Caveats
  • Supply blocks, unpowered buildings, or Contaminate may cause inaccurate times.
  • Supply counts are checked every 10 seconds.